 Dungeon Crawl Stone Soup version 0.17-a0-18-gc25b939 (webtiles) character file.

361 rgaf the Gusty (level 6, -3/45 HPs)
             Began as a Draconian Air Elementalist on Mar 6, 2015.
             Slain by an ogre
             ... wielding a +0 giant club
              (17 damage)
             ... on level 4 of the Dungeon.
             The game lasted 00:17:10 (5042 turns).

rgaf the Gusty (Draconian Air Elementalist)         Turns: 5042, Time: 00:17:10

Health: -3/45      AC:  7    Str: 11    XL:     6   Next: 38%
Magic:  9/13       EV: 12    Int: 17    God:
Gold:   257        SH:  0    Dex: 11    Spells: 4 memorised, 2 levels left

rFire  . . .     SeeInvis .     u - +2 dagger (holy)
rCold  . . .     Clarity  .     (armour unavailable)
rNeg   . . .     SustAb   .     (no shield)
rPois  .         Gourm    .     (helmet restricted)
rElec  .         Spirit   .     (no cloak)
rCorr  .         Warding  .     n - +0 pair of gloves
rMut   .         Stasis   .     (no boots)
MR     .....                    i - amulet of faith
Stlth  ++........               (no ring)
                                g - ring of flight

@: sluggish, very slow, not resistant to hostile enchantments, unstealthy
A: unfitting armour, cold-blooded, AC +6
a: Evoke Flight


You were on level 4 of the Dungeon.
You were not hungry.

You visited 1 branch of the dungeon, and saw 4 of its levels.

You collected 257 gold pieces.

Inventory:

Hand weapons
 a - a +0 dagger
 l - a +0 dagger
 u - a +2 dagger of holy wrath (weapon)
Armour
 n - a +0 pair of gloves (worn)
Jewellery
 g - a ring of flight (left hand)
 i - an amulet of faith (around neck)
 p - a -3 ring of evasion
Magical devices
 d - a wand of slowing (24)
Scrolls
 f - a scroll of noise {unknown}
 m - 2 scrolls of remove curse
 o - a scroll of fog {unknown}
 s - 2 scrolls of fear {unknown}
 t - a scroll of identify
 v - a scroll of recharging {unknown}
 w - a scroll of magic mapping {unknown}
Potions
 e - a potion of resistance {unknown}
 h - a potion of agility {unknown}
 j - a potion of might
 q - a potion of magic {unknown}
 r - 2 potions of invisibility {unknown}
Books
 b - a book of Air

   Spells                             Type                      Level
   a - Shock                          Conjuration/Air              1
   b - Swiftness                      Charms/Air                   2
   c - Repel Missiles                 Charms/Air                   2
   d - Flight                         Charms/Air                   3
   e - Static Discharge               Conjuration/Air              3
   f - Lightning Bolt                 Conjuration/Air              5
Comestibles
 c - 3 bread rations


   Skills:
 - Level 1.7 Dodging
 - Level 1.7 Stealth
 + Level 3.6 Spellcasting
 + Level 3.0 Conjurations
 * Level 5.6 Air Magic


You had 2 spell levels left.
You knew the following spells:

 Your Spells              Type           Power        Failure   Level  Hunger
a - Shock                 Conj/Air       ###.         2%          1    None
b - Swiftness             Chrm/Air       ##......     10%         2    ##.....
c - Repel Missiles        Chrm/Air       ##....       10%         2    ##.....
d - Lightning Bolt        Conj/Air       ###.......   82%         5    ######.


Dungeon Overview and Level Annotations

Branches:
Dungeon (4/15)
 Temple: D:4-7

Altars:
Elyvilon
Okawaru

Annotations:
D:2 Sigmund
D:3 agentgt's ghost, average HOMo
D:4 Edmund


Innate Abilities, Weirdness & Mutations

Your plain brown scales are hard (AC +6).
Your body does not fit into most forms of armour.
Your cold-blooded metabolism reacts poorly to cold.


Message History

The ogre is moderately wounded.
You feel sluggish.
Casting: Shock
Confirm with . or Enter, or press ? or * to list all spells.
Aiming: Shock
Press: ? - help, Shift-Dir - straight line, f/p - ogre
Aim: an ogre, wielding a giant club (moderately wounded)
The zap hits the ogre.
The ogre is heavily wounded.
There is a stone staircase leading up here.
The ogre hits you with a giant club!!
* * * LOW HITPOINT WARNING * * *
Drink which item? (? for menu, Esc to quit)
You feel better. The ogre hits you with a giant club!
* * * LOW HITPOINT WARNING * * *
Drink which item? (? for menu, Esc to quit)
You feel better. The ogre barely misses you.
You start to feel a little faster.
The ogre hits you with a giant club!
You die...

.#. .# #.# ... #.# ..
#.# .. #.# ########
.. ####.######......#
#.
#.............##.###.
#.#.......)...)[..
#@#<........#.###.
#.O...........# #.
###........#### #.
...........# #.
####.......# #.
######### ## # #


You could see an ogre.

Vanquished Creatures
  An ogre (D:4)
  2 worker ants
  3 orc wizards
  4 adders
  3 gnolls (D:3)
  A giant mite (D:2)
  2 worms
  3 oozes (D:3)
  9 orcs
  8 bats
  5 giant cockroaches
  5 hobgoblins
  A ball python (D:1)
  4 giant newts (D:3)
  11 goblins
  11 kobolds
  2 quokkas (D:3)
  12 rats
87 creatures vanquished.

Notes
Turn   | Place    | Note
--------------------------------------------------------------
     0 | D:1      | rgaf, the Draconian Air Elementalist, began the quest for the Orb.
     0 | D:1      | Reached XP level 1. HP: 14/14 MP: 3/3
   265 | D:1      | Reached XP level 2. HP: 20/20 MP: 1/4
   906 | D:2      | Reached XP level 3. HP: 18/26 MP: 1/6
  1145 | D:2      | Noticed Sigmund
  1233 | D:3      | Reached skill level 4 in Air Magic
  1233 | D:3      | Reached XP level 4. HP: 11/33 MP: 0/8
  1461 | D:3      | Learned a level 2 spell: Swiftness
  1464 | D:3      | Learned a level 2 spell: Repel Missiles
  1493 | D:3      | Noticed agentgt's ghost (average HOMo)
  2012 | D:2      | Found an iron altar of Okawaru.
  2278 | D:2      | Found a white marble altar of Elyvilon.
  2820 | D:3      | Reached XP level 5. HP: 17/38 MP: 0/11
  3796 | D:3      | Reached skill level 5 in Air Magic
  4170 | D:3      | Learned a level 5 spell: Lightning Bolt
  4436 | D:4      | Noticed an ogre
  4448 | D:4      | Noticed Edmund
  4465 | D:4      | Killed an ogre
  4465 | D:4      | Reached XP level 6. HP: 22/45 MP: 3/13
  4622 | D:4      | Noticed an ogre
  5042 | D:4      | Slain by an ogre

Action                   |  1- 3 |  4- 6 || total
-------------------------+-------+-------++-------
Melee: Dagger            |    50 |    82 ||   132
 Cast: Shock             |    55 |   143 ||   198
       Swiftness         |       |    11 ||    11
  Use: Scroll            |       |     6 ||     6
       Potion            |       |     2 ||     2
  Eat: Chunk             |     1 |     7 ||     8
       Beef jerky        |       |     2 ||     2
       Bread ration      |       |     1 ||     1
